Map: King Sejong Station LE

Players

Kelazhur

  • Race: Terran Terran

viOLet - Winner!

  • Race: Zerg Zerg

Event: 2016 WCS Summer Circuit Championship (DH Montreal)

VOD

Have the link to the VOD?

Description

Time

  • Played on: Aug. 12, 2016, 8:28 p.m.
  • Length: 16:07

All games in this series

Show
View Real Time Build Order
Export as new Build Order

Kelazhur Terran 

Build Orders: Reaper Expand, MMM Bio 

Get SALT Encoding   

  12  0:00  SCV  
  13  0:12  SCV  
  14  0:17  Supply Depot  
  14  0:24  SCV  
  15  0:38  SCV  
  15  0:40  Barracks  
  16  0:43  Refinery  
  16  0:50  SCV  
  17  1:02  SCV  
  18  1:15  SCV  
  19  1:27  Reaper, Orbital Command  
  20  1:40  Command Center  
  20  1:50  Barracks  
  20  1:54  SCV  
  20  1:59  Barracks Reactor  
  21  2:04  Supply Depot  
  21  2:09  SCV  
  22  2:18  Refinery  
  22  2:21  SCV  
  23  2:37  SCV  
  23  2:39  Factory  
  23  2:41  Marine x2  
  23  2:42  Barracks Tech Lab  
  26  2:49  SCV  
  27  2:53  Orbital Command  
  27  2:59  Marine x2  
  27  3:01  SCV  
  30  3:08  Marine, Stimpack  
  31  3:17  Marine x2, SCV  
  31  3:19  SCV  
  35  3:29  SCV  
  35  3:30  Starport  
  35  3:31  Marine  
  35  3:32  Factory Reactor  
  37  3:37  Marine, SCV  
  37  3:38  Marine  
  40  3:47  SCV  
  40  3:48  Marine  
  40  3:49  SCV  
  40  3:53  Supply Depot  
  40  3:55  Marine  
  43  3:56  Marine  
  43  3:59  SCV  
  43  4:02  SCV  
  46  4:15  Supply Depot, SCV x2, Marine x2, Medivac x2  
  54  4:21  Supply Depot  
  54  4:24  Factory Tech Lab  
  54  4:25  Refinery  
  54  4:37  Marine x3, SCV x2  
  59  4:39  Supply Depot  
  59  4:45  Supply Depot  
  59  4:49  SCV x2  
  61  4:54  Marine  
  61  4:55  Marine x2  
  61  4:56  Siege Tank  
  67  5:01  SCV x2  
  67  5:03  Supply Depot  
  67  5:04  Liberator x2  
  69  5:12  Marine x3  
  69  5:13  SCV x2  
  80  5:25  SCV  
  81  5:29  Supply Depot, SCV  
  81  5:30  Supply Depot, Marine x2  
  81  5:32  Siege Tank  
  87  5:35  Supply Depot  
  87  5:37  Marine, SCV  
  89  5:49  Combat Shields  
  89  5:51  Engineering Bay, SCV  
  89  5:52  Engineering Bay  
  90  6:00  Marine  
  90  6:01  Marine  
  91  6:07  SCV  
  90  6:12  Marine, SCV  
  90  6:17  Command Center  
  92  6:19  Terran Infantry Armor Level 1, Terran Infantry Weapons Level 1  
  83  6:26  SCV  
  83  6:30  Marine x2  
  83  6:36  Marine  
  81  6:41  Barracks x2  
  81  6:43  Barracks, SCV  
  81  6:45  SCV  
  83  6:47  Marine x2  
  83  6:52  Factory Reactor  
  70  7:04  SCV  
  70  7:06  Marine x3  
  73  7:08  SCV  
  73  7:10  Medivac x2  
  78  7:16  SCV  
  78  7:20  Refinery  
  79  7:22  Armory  
  79  7:23  Marine  
  64  7:41  SCV  
  64  7:42  SCV  
  49  7:45  Marine x2  
  49  7:46  Marine x4  
  46  7:57  Orbital Command  
  44  7:59  Widow Mine  
  44  8:00  Widow Mine  
  44  8:03  Marine x4  
  54  8:07  Engineering Bay  
  54  8:13  Engineering Bay  
  51  8:21  Marine  
  51  8:22  Orbital Command  
  48  8:33  Orbital Command  
  41  8:40  Marine  
  42  8:42  Marine x4  
  42  8:43  Terran Infantry Weapons Level 2  
  42  8:44  Terran Infantry Armor Level 2  
  42  8:46  SCV  
  47  8:57  SCV  
  47  8:58  Marine, SCV x2  
  47  9:00  Marine x4  
  55  9:08  Medivac x2  
  55  9:09  SCV  
  60  9:15  Marine  
  61  9:23  Marine x3  
  64  9:26  SCV x3  
  67  9:34  Marine x2  
  69  9:39  Supply Depot x2  
  69  9:46  Marine  
  69  9:51  Supply Depot  
  69  9:52  Supply Depot  
  69  9:56  Barracks Reactor  
  69  9:57  Barracks Reactor  
  69  9:59  Orbital Command  
  69  10:00  Marine x2, SCV x2  
  69  10:05  Supply Depot  
  69  10:06  Supply Depot  
  73  10:10  Marine  
  73  10:13  SCV  
  74  10:15  SCV  
  74  10:18  Marine x2  
  77  10:28  Marine  
  71  10:29  SCV x2  
  71  10:31  SCV  
  71  10:34  Liberator  
  71  10:35  Marine  
  72  10:36  Marine x2  
  72  10:37  Marine x3  
  72  10:39  Widow Mine x2  
  79  10:46  Marine  
  78  10:53  Marine  
  78  10:54  Marine x2  
  78  10:56  SCV  
  83  11:01  SCV  
  84  11:11  Terran Infantry Weapons Level 3  
  83  11:18  Marine  
  83  11:19  Marine x5  
  89  11:26  SCV x2  
  89  11:27  SCV  
  89  11:29  Marine  
  89  11:31  Widow Mine x2  
  97  11:36  Marine  
  97  11:37  Marine x2  
  97  11:38  SCV  
  101  11:40  Marine  
  101  11:41  Marine  
  101  11:44  Terran Infantry Armor Level 3  
  103  11:49  SCV  
  103  11:50  SCV  
  103  11:51  Marine  
  103  11:52  Supply Depot  
  106  12:01  Marine, Marauder  
  109  12:02  Marine x4  
  109  12:08  Supply Depot, Refinery  
  113  12:13  Marine  
  113  12:14  Widow Mine x2  
  118  12:16  SCV x3  
  118  12:19  Supply Depot  
  102  12:30  Marine x4  
  102  12:31  Marine  
  107  12:42  Widow Mine x2  
  111  12:44  Marine  
  111  12:45  Missile Turret  
  111  12:47  Orbital Command  
  111  12:48  Marine x2  
  111  12:51  Supply Depot  
  109  12:53  Missile Turret, Supply Depot  
  94  13:02  Marine  
  76  13:11  Widow Mine x2  
  72  13:13  Marine  
  72  13:15  Marine  
  72  13:17  Marine x4  
  72  13:19  Marine  
  78  13:20  Medivac x2  
  83  13:30  Missile Turret  
  83  13:31  Marine  
  84  13:35  Marine x2  
  84  13:36  Marine x2, Marauder  
  84  13:37  Marine  
  91  13:44  Widow Mine  
  91  13:45  Widow Mine  
  95  13:48  Marine  
  95  13:53  Marine x4  
  99  13:57  Marine, Marauder  
  102  14:02  Command Center  
  102  14:06  Medivac x2, Marine  
  105  14:11  Marine x2  
  105  14:15  Marine  
  108  14:18  Marauder  
  108  14:20  Marine  
  111  14:24  Widow Mine x2, Marine  
  111  14:29  Marine x2  
  118  14:33  Marine  
  118  14:38  Marine  
  119  14:40  Marauder  
  119  14:42  Marine  
  114  14:49  Medivac x2, Marine  
  118  14:53  Widow Mine  
  118  14:54  Marine  
  118  14:55  Marine  
  118  14:56  Marine  
  123  15:00  Marine  
  123  15:01  Barracks, Marauder  
  126  15:07  Marine  
  126  15:12  Marine  
  126  15:13  Marine  
  126  15:14  Widow Mine, Marine  
  114  15:17  Marine  
  113  15:23  Marauder  
  113  15:24  Widow Mine  
  113  15:25  Marine  
  111  15:40  Marine x4  
  95  15:48  Marine x2  
Show
View Real Time Build Order
Export as new Build Order

viOLet Zerg - Winner!

Build Orders: Pool First 

Get SALT Encoding   

  12  0:00  Drone  
  13  0:08  Drone  
  14  0:17  Overlord  
  14  0:22  Extractor  
  14  0:23  Drone  
  15  0:35  Drone x2  
  17  0:44  Spawning Pool  
  17  0:48  Drone  
  17  1:08  Hatchery  
  16  1:11  Drone  
  17  1:25  Extractor  
  17  1:31  Zergling x6  
  19  1:33  Queen  
  21  1:45  Overlord  
  21  1:53  Drone  
  22  2:04  Drone  
  23  2:08  Queen  
  25  2:20  Queen  
  27  2:25  Drone x3  
  27  2:29  Metabolic Boost  
  29  2:38  Drone x2  
  31  2:49  Drone  
  31  2:50  Drone x2  
  34  2:56  Overlord  
  33  2:59  Queen  
  35  3:08  Drone  
  35  3:11  Overlord  
  36  3:15  Drone  
  36  3:16  Drone x2  
  39  3:23  Drone x3  
  43  3:27  Drone  
  43  3:38  Drone  
  44  3:43  Hatchery  
  44  3:48  Drone x4  
  46  3:50  Drone  
  46  3:51  Drone  
  46  3:52  Drone  
  46  3:53  Drone, Extractor  
  50  3:59  Overlord  
  49  4:07  Queen  
  51  4:11  Overlord  
  51  4:14  Evolution Chamber, Queen  
  52  4:18  Drone x3  
  52  4:19  Evolution Chamber, Drone  
  52  4:21  Zergling x4  
  57  4:28  Overlord  
  57  4:32  Zergling x6  
  60  4:40  Zergling x2  
  60  4:43  Zerg Ground Armor Level 1  
  60  4:45  Zerg Melee Weapons Level 1  
  61  4:47  Zergling x6  
  61  4:50  Queen  
  66  4:55  Queen  
  68  5:02  Zergling x10  
  68  5:05  Pneumatized Carapace  
  73  5:07  Overlord  
  73  5:23  Zergling x2  
  73  5:24  Overlord  
  73  5:25  Overlord x2  
  73  5:26  Zergling x2  
  73  5:27  Zergling x10  
  80  5:37  Zergling x4  
  80  5:41  Overlord x3  
  82  5:44  Drone x3  
  82  5:46  Drone  
  86  5:52  Zergling x8  
  89  6:01  Zergling x8  
  89  6:03  Baneling Nest  
  89  6:04  Zergling x2  
  89  6:09  Zergling x2  
  89  6:10  Zergling x2  
  88  6:12  Queen  
  88  6:14  Queen  
  92  6:20  Zergling x2  
  92  6:23  Zergling x2  
  92  6:24  Zergling x2  
  92  6:25  Zergling x6  
  93  6:28  Zergling x2  
  93  6:31  Zergling x2  
  91  6:35  Overlord  
  91  6:39  Zergling x4  
  92  6:53  Zergling x2  
  86  6:55  Zergling x2  
  86  6:58  Zergling x2  
  86  6:59  Zergling x8  
  85  7:02  Zergling x4  
  85  7:03  Zergling x2  
  87  7:10  Baneling  
  87  7:11  Baneling x12  
  87  7:12  Zergling x4  
  87  7:13  Zergling x2  
  90  7:24  Zergling x6  
  92  7:36  Zergling x4  
  89  7:43  Zergling x2  
  82  7:44  Hatchery  
  82  7:45  Zergling x2  
  82  7:46  Zergling x2  
  82  7:47  Zergling x14  
  88  7:56  Baneling, Zergling x2  
  88  7:57  Baneling x10  
  89  7:59  Baneling x2, Zergling x2  
  89  8:00  Baneling x2, Zergling x2  
  91  8:07  Zergling x2  
  91  8:08  Zergling x2  
  93  8:17  Zergling x2  
  88  8:26  Baneling x9  
  82  8:27  Zergling x18  
  82  8:29  Zergling x2  
  82  8:33  Zergling x4  
  86  8:36  Drone x2  
  86  8:38  Drone  
  89  8:46  Drone x2  
  91  8:53  Drone, Lair  
  91  8:54  Drone x4  
  96  8:56  Extractor x2, Drone  
  96  9:00  Drone x5  
  99  9:06  Drone x2  
  99  9:07  Baneling, Drone x2  
  99  9:08  Baneling x4  
  103  9:12  Overlord x2  
  103  9:19  Zergling x6  
  103  9:23  Zergling x8  
  109  9:30  Drone, Zergling x12  
  109  9:31  Drone  
  117  9:41  Zergling x2  
  117  9:42  Zergling x6  
  121  9:46  Zergling x2  
  121  9:48  Spore Crawler  
  121  9:50  Zergling x2  
  121  9:51  Zergling x12  
  126  9:54  Zerg Ground Armor Level 2, Zerg Melee Weapons Level 2  
  126  9:57  Drone x3  
  126  10:00  Zergling x6  
  126  10:02  Centrifical Hooks  
  126  10:04  Drone x2  
  126  10:05  Drone  
  132  10:07  Zergling x6  
  132  10:10  Zergling x2  
  132  10:13  Zergling x4  
  134  10:24  Spire  
  134  10:25  Drone x8  
  134  10:26  Extractor  
  134  10:27  Extractor  
  138  10:33  Zergling x2  
  135  10:39  Spore Crawler  
  135  10:40  Zergling x16  
  140  10:48  Zergling x6  
  140  10:49  Zergling x2  
  140  10:52  Baneling x6  
  140  10:53  Baneling  
  132  11:00  Zergling x16  
  140  11:10  Overseer x2  
  140  11:15  Zergling x14  
  140  11:16  Zergling x6  
  149  11:25  Overlord x3  
  149  11:30  Hatchery  
  148  11:38  Mutalisk  
  150  11:44  Mutalisk x8  
  166  11:47  Hatchery  
  166  11:49  Overseer  
  166  11:51  Mutalisk  
  166  11:53  Overlord x3  
  166  11:54  Overlord x2  
  167  11:55  Zergling x6  
  170  12:02  Overlord  
  170  12:03  Extractor  
  170  12:06  Zergling x8  
  164  12:25  Mutalisk  
  164  12:26  Mutalisk x4  
  164  12:29  Zergling x14  
  173  12:44  Drone  
  173  12:45  Drone x11  
  183  12:56  Zergling x14  
  145  12:58  Zergling x2  
  145  13:04  Zergling x2  
  130  13:06  Zergling x6  
  130  13:08  Zergling x2  
  122  13:13  Zergling x2  
  122  13:18  Zergling x4  
  125  13:23  Baneling x6  
  125  13:36  Baneling x9, Zergling x2  
  125  13:37  Zergling x6  
  129  13:47  Zergling x10  
  133  13:50  Drone x6  
  139  13:58  Zergling x16  
  147  14:05  Zergling x6  
  150  14:10  Overlord  
  150  14:22  Overseer x2  
  150  14:25  Mutalisk x6  
  150  14:26  Infestation Pit  
  150  14:27  Baneling  
  150  14:28  Baneling x6  
  161  14:42  Zergling x22  
  165  15:00  Zergling x32  
  165  15:01  Zergling x10  
  184  15:24  Zergling x30  
  199  15:35  Zergling x2  
  181  15:36  Zergling x4  
  181  15:39  Mutalisk  
  181  15:40  Zergling x20  
  164  15:43  Zergling x2  
  164  15:44  Zergling x6  
  164  15:47  Zergling x2  
  164  15:49  Zergling x10  
Tags
 
Add a new tag
Caveats
  • Supply blocks, unpowered buildings, or Contaminate may cause inaccurate times.
  • Supply counts are checked every 10 seconds.